TOP OF THE 1ST |
San Francisco Giants batting - Pitching for Cincinnati Reds : RHP Marshall Barron
|
Pitching: RHP Marshall Barron
|
|
Batting: RHB Nick Rigden
|
0-0: Ball 1-0: Fly out, F8 (Flyball, 8RD, EV 95.0 MPH)
|
Batting: SHB Ryan Doss
|
0-0: Called Strike 0-1: Ball 1-1: Foul Ball, location: 2F 1-2: Foul Ball, location: 2F 1-2: Strikes out looking
|
Batting: LHB Jack Henningar
|
0-0: Called Strike 0-1: Ground out 4-3 (Groundball, 4, EV 79.4 MPH)
|
Top of the 1st over - 0 runs, 0 hits, 0 errors, 0 left on base; San Francisco 0 - Cincinnati 0 |
BOTTOM OF THE 1ST |
Cincinnati Reds batting - Pitching for San Francisco Giants : RHP Casey Jones
|
Pitching: RHP Casey Jones
|
|
Batting: LHB Jon Ledesma
|
0-0: Called Strike 0-1: Ball 1-1: Called Strike 1-2: Fly out, F2 (Popup, 25F, EV 83.8 MPH)
|
Batting: LHB Sean Geisler
|
0-0: Ball 1-0: Called Strike 1-1: Ball 2-1: Ground out 1-3 (Groundball, 13S, EV 69.4 MPH)
|
Batting: LHB Jake Bill
|
0-0: Ball 1-0: Ball 2-0: Ball 3-0: Called Strike 3-1: Base on Balls
|
Batting: RHB Willie Cardamone
|
0-0: Ball 1-0: Ground out 5-3 (Groundball, 56S, EV 68.1 MPH)
|
Bottom of the 1st over - 0 runs, 0 hits, 0 errors, 1 left on base; San Francisco 0 - Cincinnati 0 |
TOP OF THE 2ND |
San Francisco Giants batting - Pitching for Cincinnati Reds : RHP Marshall Barron
|
Batting: LHB Willis Robles
|
0-0: Called Strike 0-1: Called Strike 0-2: Strikes out swinging
|
Batting: RHB Sean Zielinski
|
0-0: Ball 1-0: Called Strike 1-1: SINGLE (Groundball, 13S, EV 69.4 MPH) (infield hit)
|
Batting: RHB Jason May
|
0-0: Ball 1-0: Ball 2-0: Called Strike 2-1: Foul Ball, location: 2F 2-2: Foul Ball, location: 2F 2-2: Strikes out swinging
|
Batting: LHB Ryan Braden
|
0-0: Called Strike 0-1: Ball 1-1: Ball 2-1: Ball Sean Zielinski is caught stealing 2nd base 2-6
|
Top of the 2nd over - 0 runs, 1 hit, 0 errors, 0 left on base; San Francisco 0 - Cincinnati 0 |
BOTTOM OF THE 2ND |
Cincinnati Reds batting - Pitching for San Francisco Giants : RHP Casey Jones
|
Batting: SHB Saulo Maina
|
0-0: Called Strike 0-1: Fly out, F8 (Flyball, 8RM, EV 94.4 MPH)
|
Batting: LHB Jesus Lozano
|
0-0: Ball 1-0: Fly out, F7 (Flyball, 78M, EV 91.9 MPH)
|
Batting: SHB Dave Barefoot
|
0-0: Called Strike 0-1: Foul Ball, location: 2F 0-2: Ball 1-2: Foul Ball, location: 2F 1-2: Ground out U3 (Groundball, 34S, EV 76.9 MPH)
|
Bottom of the 2nd over - 0 runs, 0 hits, 0 errors, 0 left on base; San Francisco 0 - Cincinnati 0 |
TOP OF THE 3RD |
San Francisco Giants batting - Pitching for Cincinnati Reds : RHP Marshall Barron
|
Batting: LHB Ryan Braden
|
0-0: Ball 1-0: Ball 2-0: Called Strike 2-1: Ball 3-1: Base on Balls
|
Batting: RHB Kanehisa Kubo
|
0-0: Ball Ryan Braden is caught stealing 2nd base 2-4 1-0: Foul Ball, location: 2F 1-1: Ground out 6-3 (Groundball, 6, EV 82.5 MPH)
|
Batting: RHB Tom Beckman
|
0-0: Ball 1-0: Ball 2-0: Ground out 6-3 (Groundball, 6, EV 100.0 MPH)
|
Top of the 3rd over - 0 runs, 0 hits, 0 errors, 0 left on base; San Francisco 0 - Cincinnati 0 |
BOTTOM OF THE 3RD |
Cincinnati Reds batting - Pitching for San Francisco Giants : RHP Casey Jones
|
Batting: RHB Fred Slade
|
0-0: Ball 1-0: Swinging Strike 1-1: Called Strike 1-2: Ball 2-2: Ground out 6-3 (Groundball, 56, EV 78.8 MPH)
|
Batting: LHB Andy Arbuckle
|
0-0: Called Strike 0-1: Ball 1-1: Called Strike 1-2: Ball 2-2: Ball 3-2: Base on Balls
|
Batting: LHB Jon Ledesma
|
0-0: Foul Ball, location: 2F 0-1: Foul Ball, location: 2F 0-2: Ball 1-2: Ball 2-2: Strikes out swinging
|
Batting: LHB Sean Geisler
|
0-0: Ball 1-0: Called Strike 1-1: Ball 2-1: Fly out, F9 (Flyball, 9LM, EV 90.0 MPH)
|
Bottom of the 3rd over - 0 runs, 0 hits, 0 errors, 1 left on base; San Francisco 0 - Cincinnati 0 |
TOP OF THE 4TH |
San Francisco Giants batting - Pitching for Cincinnati Reds : RHP Marshall Barron
|
Batting: RHB Nick Rigden
|
0-0: Called Strike 0-1: Ball 1-1: Foul Ball, location: 2F 1-2: Ball 2-2: Ball 3-2: Foul Ball, location: 2F 3-2: Fly out, F7 (Flyball, 7D, EV 86.2 MPH)
|
Batting: SHB Ryan Doss
|
0-0: Ball 1-0: Ball 2-0: Ball 3-0: Called Strike 3-1: Fly out, F8 (Flyball, 8RM, EV 90.0 MPH)
|
Batting: LHB Jack Henningar
|
0-0: Ball 1-0: Called Strike 1-1: Ball 2-1: Ball 3-1: Ground out 4-3 (Groundball, 4, EV 103.1 MPH)
|
Top of the 4th over - 0 runs, 0 hits, 0 errors, 0 left on base; San Francisco 0 - Cincinnati 0 |
BOTTOM OF THE 4TH |
Cincinnati Reds batting - Pitching for San Francisco Giants : RHP Casey Jones
|
Batting: LHB Jake Bill
|
0-0: Foul Ball, location: 2F 0-1: Ground out 3-1 (Groundball, 34, EV 93.1 MPH)
|
Batting: RHB Willie Cardamone
|
0-0: Called Strike 0-1: Fly out, F7 (Flyball, 7S, EV 80.0 MPH)
|
Batting: SHB Saulo Maina
|
0-0: Fly out, F7 (Flyball, 7S, EV 94.4 MPH)
|
Bottom of the 4th over - 0 runs, 0 hits, 0 errors, 0 left on base; San Francisco 0 - Cincinnati 0 |
TOP OF THE 5TH |
San Francisco Giants batting - Pitching for Cincinnati Reds : RHP Marshall Barron
|
Batting: LHB Willis Robles
|
0-0: Ball 1-0: DOUBLE (Line Drive, 78XD, EV 106.2 MPH)
|
Batting: RHB Sean Zielinski
|
0-0: Ball 1-0: Ground out 6-3 (Groundball, 6S, EV 73.1 MPH) Willis Robles to third
|
Batting: RHB Jason May
|
0-0: Ball 1-0: Called Strike 1-1: Foul Ball, location: 2F 1-2: Hit by Pitch
|
Batting: LHB Ryan Braden
|
0-0: Ball 1-0: Called Strike 1-1: Ball Jason May is caught stealing 2nd base 2-6 2-1: Foul Ball, location: 2F 2-2: Strikes out looking
|
Top of the 5th over - 0 runs, 1 hit, 0 errors, 1 left on base; San Francisco 0 - Cincinnati 0 |
BOTTOM OF THE 5TH |
Cincinnati Reds batting - Pitching for San Francisco Giants : RHP Casey Jones
|
Batting: LHB Jesus Lozano
|
0-0: Ball 1-0: Swinging Strike 1-1: Ball 2-1: Foul Ball, location: 2F 2-2: Ball 3-2: Base on Balls
|
Batting: SHB Dave Barefoot
|
0-0: Fly out, F9 (Flyball, 9LM, EV 92.5 MPH)
|
Batting: RHB Fred Slade
|
0-0: Ball Jesus Lozano is caught stealing 2nd base 2-4 1-0: DOUBLE (Groundball, 5L, EV 103.8 MPH)
|
Batting: LHB Andy Arbuckle
|
0-0: Swinging Strike 0-1: Foul Ball, location: 2F 0-2: Ball 1-2: SINGLE (Line Drive, 9S, EV 99.4 MPH) Fred Slade to third Runner from 3rd tries for Home, SAFE, throw by RF to home
|
Batting: LHB Jon Ledesma
|
0-0: Ball 1-0: Foul Ball, location: 2F 1-1: Ball Andy Arbuckle steals 2nd base 2-1: Fly out, F4 (Popup, 34S, EV 68.1 MPH)
|
Bottom of the 5th over - 1 run, 2 hits, 0 errors, 1 left on base; San Francisco 0 - Cincinnati 1 |
TOP OF THE 6TH |
San Francisco Giants batting - Pitching for Cincinnati Reds : RHP Marshall Barron
|
Batting: RHB Kanehisa Kubo
|
0-0: Ball 1-0: Ball 2-0: Foul Ball, location: 2F 2-1: Foul Ball, location: 2F 2-2: Ground out 6-3 (Groundball, 56, EV 98.1 MPH)
|
Batting: RHB Tom Beckman
|
0-0: Called Strike 0-1: Foul Ball, location: 2F 0-2: Ball 1-2: Foul Ball, location: 2F 1-2: Ball 2-2: SINGLE (Line Drive, 78S, EV 106.9 MPH)
|
Batting: RHB Nick Rigden
|
0-0: Ball 1-0: Foul Ball, location: 2F 1-1: Ball 2-1: Swinging Strike 2-2: Ball 3-2: DOUBLE (Line Drive, 8RXD, EV 107.5 MPH) Tom Beckman to third Tom Beckman scores
|
Batting: SHB Ryan Doss
|
0-0: Called Strike Nick Rigden steals 3rd base 0-1: Ball 1-1: Squeeze Bunt to 25 - play home, runner scores, batter safe! Nick Rigden scores
|
Batting: LHB Jack Henningar
|
0-0: Ball Ryan Doss is caught stealing 2nd base 2-6 1-0: Swinging Strike 1-1: Fly out, F9 (Flyball, 89XD, EV 101.9 MPH)
|
Top of the 6th over - 2 runs, 2 hits, 0 errors, 0 left on base; San Francisco 2 - Cincinnati 1 |
BOTTOM OF THE 6TH |
Cincinnati Reds batting - Pitching for San Francisco Giants : RHP Casey Jones
|
Batting: LHB Sean Geisler
|
0-0: Ball 1-0: Ball 2-0: Fly out, F8 (Flyball, 89XD, EV 104.4 MPH)
|
Batting: LHB Jake Bill
|
0-0: Called Strike 0-1: Ball 1-1: Foul Ball, location: 2F 1-2: SINGLE (Groundball, 56D, EV 99.4 MPH)
|
Batting: RHB Willie Cardamone
|
0-0: Grounds into double play, 5-4-3 (Groundball, 56, EV 108.1 MPH)
|
Bottom of the 6th over - 0 runs, 1 hit, 0 errors, 0 left on base; San Francisco 2 - Cincinnati 1 |
TOP OF THE 7TH |
San Francisco Giants batting - Pitching for Cincinnati Reds : RHP Marshall Barron
|
Batting: LHB Willis Robles
|
0-0: Foul Ball, location: 2F 0-1: Called Strike 0-2: Ball 1-2: Foul Ball, location: 2F 1-2: Foul Ball, location: 2F 1-2: Foul Ball, location: 2F 1-2: Strikes out swinging
|
Batting: RHB Sean Zielinski
|
0-0: Hit by Pitch
|
Batting: RHB Jason May
|
0-0: Ball 1-0: Swinging Strike 1-1: Ball 2-1: Ball 3-1: Base on Balls Sean Zielinski to second
|
Pitching: LHP Jose Estrada
|
|
Pinch Hitting: RHB Nate Hodson
|
0-0: Ball 1-0: Called Strike 1-1: Called Strike 1-2: Ball 2-2: Fly out, F7 (Flyball, 7LM, EV 76.9 MPH) Runner from 2nd tags up, OUT at 3rd! 7-5
|
Top of the 7th over - 0 runs, 0 hits, 0 errors, 1 left on base; San Francisco 2 - Cincinnati 1 |
BOTTOM OF THE 7TH |
Cincinnati Reds batting - Pitching for San Francisco Giants : RHP Casey Jones
|
Now in RF: Xavier Castellanos
|
|
Batting: SHB Saulo Maina
|
0-0: Ball 1-0: Foul Ball, location: 2F 1-1: SOLO HOME RUN (Flyball, 9LD, EV 98.1 MPH), Distance : 342 ft
|
Batting: LHB Jesus Lozano
|
0-0: Foul Ball, location: 2F 0-1: Foul Ball, location: 2F 0-2: Foul Ball, location: 2F 0-2: SINGLE (Groundball, 4D, EV 97.5 MPH)
|
Batting: SHB Dave Barefoot
|
0-0: Called Strike 0-1: Fielders Choice at 2nd, 2-4 (Groundball, 2L, EV 65.6 MPH)
|
Batting: RHB Fred Slade
|
0-0: Called Strike 0-1: Ball 1-1: DOUBLE (Line Drive, 9LD, EV 108.1 MPH) Dave Barefoot to third Runner from 3rd tries for Home, SAFE, no throw by RF
|
Batting: LHB Andy Arbuckle
|
0-0: Ball 1-0: Ball 2-0: Ground out 4-3 (Groundball, 34, EV 85.0 MPH) Fred Slade to third
|
Batting: LHB Jon Ledesma
|
0-0: Ball 1-0: Ball 2-0: Called Strike 2-1: SINGLE (Groundball, 4S, EV 73.8 MPH) (infield hit) Fred Slade scores
|
Pitching: RHP Carlos Heredia
|
|
Batting: LHB Sean Geisler
|
0-0: Ball 1-0: Swinging Strike Jon Ledesma steals 2nd base 1-1: Foul Ball, location: 2F 1-2: Foul Ball, location: 2F 1-2: Foul Ball, location: 2F 1-2: Ball 2-2: Foul Ball, location: 2F 2-2: Foul Ball, location: 2F 2-2: Ball 3-2: Foul Ball, location: 2F 3-2: Foul Ball, location: 2F 3-2: Base on Balls
|
Batting: LHB Jake Bill
|
0-0: Ball 1-0: Foul Ball, location: 2F 1-1: Called Strike 1-2: Foul Ball, location: 2F 1-2: Ground out 4-3 (Groundball, 4, EV 103.1 MPH)
|
Bottom of the 7th over - 3 runs, 4 hits, 0 errors, 2 left on base; San Francisco 2 - Cincinnati 4 |
TOP OF THE 8TH |
San Francisco Giants batting - Pitching for Cincinnati Reds : LHP Jose Estrada
|
Batting: RHB Kanehisa Kubo
|
0-0: Swinging Strike 0-1: Ball 1-1: Swinging Strike 1-2: Strikes out swinging
|
Batting: RHB Tom Beckman
|
0-0: Fly out, F8 (Line Drive, 8RD, EV 110.0 MPH)
|
Batting: RHB Nick Rigden
|
0-0: Foul Ball, location: 2F 0-1: Foul Ball, location: 2F 0-2: Ball 1-2: Ball 2-2: Foul Ball, location: 2F 2-2: Ball 3-2: DOUBLE (Line Drive, 78D, EV 101.9 MPH)
|
Batting: SHB Ryan Doss
|
0-0: Called Strike 0-1: Ball 1-1: Ball 2-1: Ground out 4-3 (Groundball, 4M, EV 92.5 MPH)
|
Top of the 8th over - 0 runs, 1 hit, 0 errors, 1 left on base; San Francisco 2 - Cincinnati 4 |
BOTTOM OF THE 8TH |
Cincinnati Reds batting - Pitching for San Francisco Giants : RHP Carlos Heredia
|
Pitching: RHP Ben Sheets
|
|
Batting: RHB Willie Cardamone
|
0-0: Foul Ball, location: 2F 0-1: Ball 1-1: Swinging Strike 1-2: Strikes out looking
|
Batting: SHB Saulo Maina
|
0-0: Ground out 4-3 (Groundball, 4, EV 103.8 MPH)
|
Batting: LHB Jesus Lozano
|
0-0: Swinging Strike 0-1: Foul Ball, location: 2F 0-2: Ball 1-2: Strikes out looking
|
Bottom of the 8th over - 0 runs, 0 hits, 0 errors, 0 left on base; San Francisco 2 - Cincinnati 4 |
TOP OF THE 9TH |
San Francisco Giants batting - Pitching for Cincinnati Reds : LHP Jose Estrada
|
Pitching: LHP Paul Forbes
|
|
Batting: LHB Jack Henningar
|
0-0: Ball 1-0: Ground out U3 (Groundball, 34, EV 77.5 MPH)
|
Batting: LHB Willis Robles
|
0-0: Swinging Strike 0-1: Called Strike 0-2: Ball 1-2: Ball 2-2: Strikes out looking
|
Batting: RHB Sean Zielinski
|
0-0: Ball 1-0: Foul Ball, location: 2F 1-1: Called Strike 1-2: Strikes out looking
|
Top of the 9th over - 0 runs, 0 hits, 0 errors, 0 left on base; San Francisco 2 - Cincinnati 4 |
|